 Dungeon Crawl Stone Soup version 0.28-a0-863-g8cecda6153 (webtiles) character file.

Game seed: 7051350400037891039

8 vineage the Skirmisher (level 2, 20/23 HPs)
             Began as a Demonspawn Gladiator on Nov 18, 2021.
             Quit the game on level 1 of the Dungeon.
             The game lasted 00:00:53 (243 turns).

vineage the Skirmisher (Demonspawn Gladiator)        Turns: 243, Time: 00:00:53

Health: 20/23      AC:  5    Str: 14    XL:     2   Next: 0%
Magic:  2/2        EV: 12    Int:  9    God:
Gold:   0          SH:  0    Dex: 14    Spells: 1/1 levels left

rFire   . . .      SeeInvis .   a - +0 war axe
rCold   . . .      Faith    .   (no shield)
rNeg    . . .      Spirit   .   b - +0 leather armour
rPois   .          Reflect  .   c - +0 helmet
rElec   .          Harm     .   (no cloak)
rCorr   .          Rampage  .   e - +0 pair of gloves
Will    .....                   (no boots)
Stlth   +.........              (no amulet)
HPRegen 0.07/turn               (no ring)
MPRegen 0.16/turn               (no ring)

@: no status effects
A: magic regeneration
a: no special abilities


You were on level 1 of the Dungeon.
You visited 1 branch of the dungeon, and saw 1 of its levels.

Inventory:

Hand Weapons
 a - a +0 war axe (weapon)
Missiles
 d - 3 throwing nets (quivered)
Armour
 b - a +0 leather armour (worn)
 c - a +0 helmet (worn)
 e - a +0 pair of gloves (worn)
Scrolls
 g - a scroll of fear {unknown}
 h - a scroll of fog {unknown}
 i - a scroll of immolation {unknown}
Potions
 f - a potion of cancellation {unknown}


   Skills:
 + Level 2.7 Fighting
 - Level 2.6 Axes
 - Level 1.7 Throwing
 - Level 2.6 Dodging


You had one spell level left.
You didn't know any spells.
Your spell library was empty.

Dungeon Overview and Level Annotations

Branches:
Dungeon (1/15)

Altars:


Innate Abilities, Weirdness & Mutations

You regenerate magic rapidly.


Message History

You hit the rat but do no damage. The rat bites you but does no damage.
You closely miss the rat. The rat bites you but does no damage.
The rat misses you.
You hit the rat.
The rat is heavily wounded.
The rat closely misses you.
You hit the rat.
You kill the rat!
You hit the rat.
You kill the rat!
No target in view!
No target in view!
No target in view!
No target in view!
No target in view!
No target in view!
No target in view!
No target in view!
No target in view!
No target in view!
No target in view!
Found a scroll labelled ZOCVAB BODGHAYB.
Things that are here:
a +0 club; a goblin corpse A frilled lizard comes into view.
The frilled lizard hisses angrily.
An endoplasm comes into view.
The endoplasm quivers.
You hit the frilled lizard.
The frilled lizard is heavily wounded.
The frilled lizard bites you but does no damage.
You hit the frilled lizard.
You kill the frilled lizard!
The endoplasm hits you.
You hit the endoplasm.
You kill the endoplasm!
You have reached level 2!
Your demonic ancestry asserts itself...
Your magic begins to regenerate rapidly.
Are you sure you want to abandon this character and quit the game? (Confirm with "yes".)

#. #...... .....##
.. #...... ......#
.. #...... ......#
.. #.#.... .......
.. #..............
.. #.....#.......
.. #.....#.......
.. #.#..@....... ..
#.#.......... ..
#..........#. #.
#...?......# ..
####..........# ..
..............##..
..
####...............
..
##...............
.#
#................


There were no monsters in sight!

Vanquished Creatures
  An endoplasm (D:1)
  A goblin (D:1)
  A kobold (D:1)
  A quokka (D:1)
  A ball python (D:1)
  A frilled lizard (D:1)
  2 rats (D:1)
8 creatures vanquished.

Notes
Turn   | Place    | Note
-------+----------+-------------------------------------------
     0 | D:1      | vineage the Demonspawn Gladiator began the quest for the
                  | Orb.
     0 | D:1      | Reached XP level 1. HP: 16/16 MP: 1/1
   243 | D:1      | Gained mutation: You regenerate magic rapidly. [demonic
                  | ancestry]
   243 | D:1      | Reached XP level 2. HP: 20/23 MP: 2/2
   243 | D:1      | Quit the game

Illustrated notes

Levels and vault maps discovered:
D:1:      nicolae_arrival_somewhat_less_tricky_arrival, layout_basic,
          grunt_decor_one_mirror, chequers_garden

Action                   || total
-------------------------++-------
Melee: War axe           ||    14
 Stab: Sleeping          ||     1
Armor: Leather armour    ||     7
Dodge: Dodged            ||    12

Table legend: (Time is in decaauts)
 A = Elapsed time spent in this place.
 B = Non-inter-level travel time spent in this place.
 C = Inter-level travel time spent in this place.
 D = Time resting spent in this place.
 E = Time spent auto-exploring this place.
 F = Levels seen in this place.
 G = Mean time per level.
                   A        B        C        D        E       F      G
               +--------+--------+--------+--------+--------+-----+--------+
         Total |    248 |    237 |     11 |      0 |    189 |   1 |  248.0 |
       Dungeon |    248 |    237 |     11 |      0 |    189 |   1 |  248.0 |
               +--------+--------+--------+--------+--------+-----+--------+

Top non-repeatable levels by time:
     D:1: 248 daAuts
